 Dungeon Crawl Stone Soup version 0.27.1-2-g3b301248ec (webtiles) character file.

Game seed: 3075543702062434138

3686 LLlMATKO the Fighter (level 9, -4/83 HPs)
             Began as a Minotaur Berserker on Sept 30, 2021.
             Was an Elder of Trog.
             Splashed by a brown ugly thing's acid (8 damage)
             ... on level 7 of the Dungeon.
             The game lasted 00:06:56 (5095 turns).

LLlMATKO the Fighter (Minotaur Berserker)           Turns: 5095, Time: 00:06:56

Health: -4/83      AC:  7    Str: 21    XL:     9   Next: 90%
Magic:  8/8        EV: 11    Int:  4    God:    Trog [****..]
Gold:   381        SH:  0    Dex: 14    Spells: 8/8 levels left

rFire    . . .     SeeInvis +   A - +0 broad axe
rCold    . . .     Faith    .   (no shield)
rNeg     . . .     Spirit   .   o - +0 chain mail
rPois    .         Reflect  .   (helmet restricted)
rElec    .         Harm     .   (no cloak)
rCorr    .         Rampage  .   (no gloves)
Will     .....                  (no boots)
Stlth    ..........             c - amulet of regeneration
HPRegen  1.23/turn              e - ring of see invisible
MPRegen  0.11/turn              (no ring)

@: corroded, on berserk cooldown, slowed, very slow
A: horns 2, retaliatory headbutt
a: Renounce Religion, Berserk, Trog's Hand, Brothers in Arms


You were on level 7 of the Dungeon.
You worshipped Trog.
Trog was greatly pleased with you.
You visited 1 branch of the dungeon, and saw 7 of its levels.

You collected 381 gold pieces.

Inventory:

Hand Weapons
 i - a +2 mace of protection
 A - a +0 broad axe (weapon)
 D - a +1 whip of freezing
Missiles
 a - 7 boomerangs
 f - 20 bolts
 h - 12 javelins (quivered)
 t - 31 poisoned darts
 F - 7 silver boomerangs
Armour
 o - a +0 chain mail (worn)
Jewellery
 c - an amulet of regeneration (around neck)
 e - a ring of see invisible (left hand)
 r - a ring of protection from fire
 v - a ring of fire
Wands
 x - a wand of flame (14)
 y - a wand of polymorph (6)
 E - a wand of digging (5)
Scrolls
 j - a scroll of torment {unknown}
 k - 2 scrolls of teleportation {unknown}
 m - 2 scrolls of amnesia {unknown}
 q - 2 scrolls of fog {unknown}
 s - 7 scrolls of identify {unknown}
 u - a scroll of immolation {unknown}
 z - a scroll of magic mapping {unknown}
 B - a scroll of noise {unknown}
 C - a scroll of blinking {unknown}
Potions
 b - 4 potions of brilliance {unknown}
 d - 2 potions of curing {unknown}
 g - a potion of berserk rage {unknown}
 l - 2 potions of flight {unknown}
 n - a potion of attraction {unknown}
 p - 2 potions of haste {unknown}
 w - 2 potions of lignification {unknown}


   Skills:
 + Level 9.3 Fighting
 + Level 9.2 Axes
 + Level 8.9 Armour
 + Level 8.1 Dodging


You had 8 spell levels left.
You didn't know any spells.
Your spell library was empty.

Dungeon Overview and Level Annotations

Branches:
Dungeon (7/15)             Temple (0/1) D:4

Altars:
Ashenzari
Dithmenos
Elyvilon
Fedhas
Kikubaaqudgha
Okawaru
Qazlal
Sif Muna
Vehumet
Xom


Innate Abilities, Weirdness & Mutations

You have a pair of horns on your head.
You reflexively headbutt those who attack you in melee.


Message History

You feel yourself slow down. The brown ugly thing punches you.
You are splashed with acid!
You hit the brown ugly thing but do no damage.
You headbutt the brown ugly thing, but do no damage.
The brown ugly thing is severely wounded.
The brown ugly thing misses you. You furiously retaliate!
You headbutt the brown ugly thing. The brown ugly thing punches you!
You are splashed with acid!
You are too injured to fight recklessly!
You are too injured to fight recklessly!
You are too injured to fight recklessly!
You are too injured to fight recklessly!
You are too injured to fight recklessly!
You are too injured to fight recklessly!
You are too injured to fight recklessly!
You are too injured to fight recklessly!
You are too injured to fight recklessly!
You are too injured to fight recklessly!
You are too injured to fight recklessly!
You are too injured to fight recklessly!
You are too injured to fight recklessly!
You are too injured to fight recklessly!
You are too injured to fight recklessly!
You are too injured to fight recklessly!
You are too injured to fight recklessly!
You are too injured to fight recklessly!
You are too injured to fight recklessly!
You slash the brown ugly thing!
The brown ugly thing is almost dead.
The brown ugly thing punches you!
You are splashed with acid.
The brown ugly thing punches you!
* * * LOW HITPOINT WARNING * * *
The acid corrodes you!
You are splashed with acid!
* * * LOW HITPOINT WARNING * * *
You barely miss the brown ugly thing.
The brown ugly thing is almost dead.
The boulder beetle leaps!
The brown ugly thing punches you.
* * * LOW HITPOINT WARNING * * *
You are splashed with acid!
You die...

## .## # ####
...#... #..###
.......
#...#..###
#.....#
.Bl....###..###
...B..# D...#..
###(D###......#
8u. .#.
###○u@##....#
D. ###.
####...# . #.
###...### #.
###....##
###.....##
#.......#
##...##....##
#..###......#
##...........##


You could see a boulder beetle, a brown ugly thing and an acid dragon.

Vanquished Creatures
  Pikel (D:6)
  An ugly thing (D:7)
  Joseph (D:7)
  A komodo dragon (D:7)
  Menkaure (D:6)
  An acid dragon (D:7)
  2 water moccasins (D:6)
  An orc warrior (D:5)
  A black bear (D:5)
  2 ice beasts (D:6)
  A necrophage (D:6)
  2 centaurs (D:5)
  A phantom (D:3)
  2 lemures (D:6)
  3 water moccasin zombies (D:6)
  A scorpion (D:4)
  A water moccasin skeleton (D:6)
  3 wights (D:6)
  An electric eel (D:6)
  3 bullfrog zombies (D:6)
  3 centaur skeletons (D:6)
  3 hounds
  A jelly (D:6)
  2 bullfrog skeletons (D:6)
  2 iguanas
  2 orc wizards
  A killer bee zombie (D:6)
  Robin (D:4)
  4 adders
  7 gnolls
  An ufetubus (D:4)
  4 worms (D:2)
  12 orcs
  7 ball pythons
  3 endoplasms
  2 giant cockroaches
  19 goblins
  9 hobgoblins
  2 jackals (D:3)
  7 kobolds
  A quokka (D:2)
  4 bats
  A frilled lizard (D:1)
  8 rats
136 creatures vanquished.

Vanquished Creatures (others)
  A plant (D:6)
  2 withered plants (D:6)
3 creatures vanquished.

Grand Total: 139 creatures vanquished

Notes
Turn   | Place    | Note
-------+----------+-------------------------------------------
     0 | D:1      | LLlMATKO the Minotaur Berserker began the quest for the
                  | Orb.
     0 | D:1      | Reached XP level 1. HP: 19/19 MP: 0/0
   193 | D:1      | Reached XP level 2. HP: 27/27 MP: 1/1
   875 | D:2      | Reached XP level 3. HP: 31/33 MP: 2/2
   977 | D:2      | Reached ** piety under Trog
  1001 | D:2      | Found a faded altar of an unknown god.
  1045 | D:2      | Reached XP level 4. HP: 24/41 MP: 3/3
  2249 | D:3      | Noticed a phantom
  2260 | D:3      | Killed a phantom
  2261 | D:3      | Reached XP level 5. HP: 38/47 MP: 4/4
  2295 | D:3      | Found a shadowy altar of Dithmenos.
  2423 | D:4      | Reached skill level 5 in Fighting
  2492 | D:4      | Reached skill level 5 in Axes
  2593 | D:4      | Found a stormy altar of Qazlal.
  2750 | D:4      | Reached XP level 6. HP: 52/56 MP: 5/5
  2752 | D:4      | Found a staircase to the Ecumenical Temple.
  2937 | D:4      | Noticed Robin
  2957 | D:4      | Killed Robin
  2959 | D:4      | Reached *** piety under Trog
  3056 | D:4      | Found a shimmering altar of Xom.
  3058 | D:4      | Found an iron altar of Okawaru.
  3061 | D:4      | Found a white marble altar of Elyvilon.
  3287 | D:5      | Entered Level 5 of the Dungeon
  3520 | D:5      | Reached skill level 5 in Armour
  3520 | D:5      | Reached XP level 7. HP: 62/62 MP: 6/6
  3747 | D:5      | Reached skill level 5 in Dodging
  3826 | D:5      | Reached XP level 8. HP: 17/71 MP: 7/7
  3905 | D:6      | Noticed Menkaure
  3914 | D:6      | Killed Menkaure
  3914 | D:6      | Reached **** piety under Trog
  4079 | D:6      | Found an ancient bone altar of Kikubaaqudgha.
  4081 | D:6      | Found a blossoming altar of Fedhas.
  4135 | D:6      | Noticed Pikel
  4146 | D:6      | Killed Pikel
  4147 | D:6      | Reached XP level 9. HP: 63/81 MP: 8/8
  4402 | D:6      | Found a radiant altar of Vehumet.
  4507 | D:6      | Found a shimmering blue altar of Sif Muna.
  4515 | D:6      | Found a broken altar of Ashenzari.
  5015 | D:7      | Noticed Joseph
  5029 | D:7      | Killed Joseph
  5063 | D:7      | Noticed a komodo dragon
  5063 | D:7      | Noticed a boulder beetle
  5063 | D:7      | Noticed a cyan ugly thing
  5077 | D:7      | Noticed a brown ugly thing
  5083 | D:7      | Killed a komodo dragon
  5088 | D:7      | Killed a cyan ugly thing
  5095 | D:7      | HP: 4/83 [brown ugly thing (6)]
  5095 | D:7      | Splashed by a brown ugly thing's acid

Illustrated notes

Levels and vault maps discovered:
D:1:      dpeg_arrival_three_bigger_balls, layout_loops_corners,
          minmay_misc_feat_x
D:2:      layout_loops_ring, chequers_ecumenical_altar_simple_redux
D:3:      layout_basic, lemuel_doored_altar, kennysheep_big_empty_room,
          minmay_misc_feat_tower
D:4:      corexii_shack_village, layout_basic, minmay_overflow_temple_star_quad,
          grunt_qazlal_clouds, temple_hall, uniq_robin
D:5:      layout_rooms, kennysheep_generic_room_10
D:6:      layout_loops_cross, grunt_temple_overflow_growth_and_decay,
          fiery_altar_vehumet, amethyst_overflow_temple_binary, serial_undead,
          serial_undead_e, serial_undead_c, serial_undead_b, serial_undead_c,
          serial_undead_c, serial_undead_d, grunt_ministairs_8, corexii_shack,
          minivault_4, uniq_menkaure, uniq_pikel
D:7:      minmay_the_grid_four_pointed_star
          [minmay_the_grid_triangle_9x9_corrupted_corridor,
          minmay_the_grid_triangle_9x9_cache,
          minmay_the_grid_triangle_9x9_from_above,
          minmay_the_grid_triangle_9x9_sprig, minmay_the_grid_prize_big_room],
          layout_layer_cave, uniq_prince_ribbit1, uniq_harold, uniq_joseph

Skill      XL: |  1  2  3  4  5  6  7  8  9 |
---------------+----------------------------+-----
Fighting       | 4 5 6 8 9 |  9.3
Axes           | 4 5 6 8 9 |  9.2
Armour         | 3 4 5 6 7 8 |  8.9
Dodging        | 3 4 5 7 8 |  8.1

Action                   |  1- 3 |  4- 6 |  7- 9 || total
-------------------------+-------+-------+-------++-------
Melee: Hand axe          |    66 |    18 |       ||    84
       Headbutt          |    11 |    20 |    32 ||    63
       Mace              |       |   117 |    50 ||   167
       Broad axe         |       |       |   113 ||   113
Throw: Javelin           |       |       |     2 ||     2
Invok: Berserk           |     1 |       |     6 ||     7
Armor: Animal skin       |     7 |     7 |       ||    14
       Chain mail        |       |    68 |   122 ||   190
Dodge: Dodged            |    34 |    75 |   147 ||   256
